 Dungeon Crawl Stone Soup version 0.18.1-5-g4a78601 (webtiles) character file.

203 varam the Chopper (level 5, -12/42 HPs)
             Began as a Hill Orc Gladiator on May 9, 2016.
             Mangled by an ogre
             ... wielding a +0 giant club
              (23 damage)
             ... on level 4 of the Dungeon.
             The game lasted 00:05:44 (3555 turns).

varam the Chopper (Hill Orc Gladiator)              Turns: 3555, Time: 00:05:44

Health: -12/42     AC:  7    Str: 18    XL:     5   Next: 81%
Magic:  5/5        EV: 10    Int:  9    God:
Gold:   162        SH:  0    Dex: 11    Spells: 0 memorised, 4 levels left

rFire  . . .     SeeInvis .     a - +0 war axe
rCold  . . .     Gourm    .     i - +0 scale mail
rNeg   . . .     Faith    .     (no shield)
rPois  .         Spirit   .     c - +0 helmet
rElec  .         Dismiss  .     (no cloak)
rCorr  .         Reflect  .     (no gloves)
SustAt .         Harm     .     (no boots)
MR     .....                    (no amulet)
Stlth  ..........               (no ring)
                                (no ring)

@: not resistant to hostile enchantments, extremely unstealthy
A: no striking features
a: no special abilities


You were on level 4 of the Dungeon.
You were hungry.

You visited 1 branch of the dungeon, and saw 4 of its levels.

You collected 162 gold pieces.

Inventory:

Hand Weapons
 a - a +0 war axe (weapon)
 w - a +3 flail
 x - a +2 short sword of speed
Missiles
 d - 3 throwing nets (quivered)
 F - 8 tomahawks
 G - 5 javelins
Armour
 b - a +0 leather armour
 c - a +0 helmet (worn)
 i - a +0 scale mail (worn)
Jewellery
 s - an uncursed ring of magical power {unknown}
 u - an uncursed ring of protection from magic {unknown}
 H - an uncursed ring of resist corrosion {unknown}
Wands
 p - a wand of slowing (36/48)
Scrolls
 e - 3 scrolls of teleportation {unknown}
 h - 4 scrolls of identify {unknown}
 j - a scroll of random uselessness {unknown}
 k - a scroll of noise {unknown}
 n - a scroll of amnesia {unknown}
 q - 3 scrolls of remove curse {unknown}
 y - 3 scrolls of fear {unknown}
 A - a scroll of enchant weapon {unknown}
Potions
 l - a potion of berserk rage {unknown}
 m - a potion of curing {unknown}
 r - a potion of lignification {unknown}
 v - a potion of magic {unknown}
 z - 3 potions of heal wounds {unknown}
 C - a potion of cure mutation {unknown}
 E - 2 potions of flight {unknown}
Books
 D - the Almanac of Lucky Shape Shifting
   (You found it on level 4 of the Dungeon)

   Spells                             Type                      Level
   a - Swiftness                      Charms/Air                   2
   b - Ice Form                       Ice/Transmutation            4
   c - Alistair's Intoxication        Transmutation/Poison         5
Comestibles
 f - 3 bread rations
 g - 4 beef jerkies
 o - a chunk of flesh
 t - a meat ration
 B - 2 slices of pizza


   Skills:
 - Level 2.4 Fighting
 + Level 7.7 Axes
 - Level 1.7 Throwing
 - Level 2.1 Armour
 - Level 2.4 Dodging


You had 4 spell levels left.
You didn't know any spells.

Dungeon Overview and Level Annotations

Branches:
Dungeon (4/15)
 Temple: D:4-7

Altars:
Elyvilon
Nemelex Xobeh
Okawaru
Zin

Shops:
D:4 (


Message History

Your surroundings suddenly seem different.
h - 4 scrolls labeled KIHOUNW XAGE (gained 1)
B - 2 slices of pizza (gained 1)
Found a scale mail.
A jackal skeleton comes into view.
An ogre comes into view. It is wielding a giant club.
You hit the jackal skeleton. The jackal skeleton bites you.
You hit the jackal skeleton.
You destroy the jackal skeleton!
You see here a scale mail.
The ogre hits you with a giant club!
You are feeling hungry.
You hit the ogre.
The ogre is lightly wounded.
The ogre hits you with a giant club!!
Ouch! That really hurt!
* * * LOW HITPOINT WARNING * * *
The ogre hits you with a giant club!!
Ouch! That really hurt!
You die...

...........#.###.######........##
#######...##.# #........#####....
########..##.###.######.# #.###
..........##.......# #.# #.#
######.#######.###.# #.# #.###
#.# #.# #.# #.# #.... #####.#
#####.###.# #.# #..## ##...#.#
#.........####.#####..## #......#
#.#...O@............[.#. .......#
#.#...###.####.######.#.
#......###.##..# #.# #.# #.#.
##...#.........# #.# ##.# #.#.
##.##.###.#>..# #.# #..# #.#.
##......##.#.### #.###..######.#.
........##.#.# #...............
##......##.#.#####.###...........
##...)............#.....########


You could see an ogre.

Vanquished Creatures
  2 howler monkeys (D:4)
  A hound skeleton (D:4)
  4 adders
  A worm (D:2)
  4 dart slugs
  3 giant geckos
  2 orcs (D:3)
  3 giant cockroaches
  5 goblins
  15 hobgoblins
  A quokka (D:2)
  3 bats (D:1)
  4 giant newts
  A jackal skeleton (D:4)
  6 kobolds
  8 rats
63 creatures vanquished.

Vanquished Creatures (others)
  An orc (D:3)
1 creature vanquished.

Grand Total: 64 creatures vanquished

Notes
Turn   | Place    | Note
--------------------------------------------------------------
     0 | D:1      | varam the Hill Orc Gladiator began the quest for the Orb.
     0 | D:1      | Reached XP level 1. HP: 18/18 MP: 1/1
   197 | D:1      | Reached XP level 2. HP: 19/25 MP: 2/2
   243 | D:1      | Reached skill level 1 in Armour
   812 | D:1      | Reached XP level 3. HP: 30/30 MP: 3/3
   828 | D:1      | Found an iron altar of Okawaru.
   943 | D:2      | Reached skill level 5 in Axes
  1192 | D:2      | Reached XP level 4. HP: 29/37 MP: 4/4
  1425 | D:2      | Reached skill level 6 in Axes
  2531 | D:3      | Noticed an angel
  2532 | D:3      | Found a glowing silver altar of Zin.
  2624 | D:3      | Found a sparkling altar of Nemelex Xobeh.
  2701 | D:3      | Found a white marble altar of Elyvilon.
  3111 | D:4      | Reached skill level 7 in Axes
  3111 | D:4      | Reached XP level 5. HP: 42/42 MP: 5/5
  3155 | D:4      | Identified the Almanac of Lucky Shape Shifting
  3206 | D:4      | Found Pisch's Antique Weapon Shoppe.
  3520 | D:4      | Noticed an ogre
  3555 | D:4      | Mangled by an ogre

Skill      XL: |  1  2  3  4 |
---------------+-------------+-----
Armour         | 1 2 |  2.1
Axes           | 5 7 |  7.7
Fighting       | |  2.4
Throwing       | |  1.7
Dodging        | |  2.4

Action                   |  1- 3 |  4- 6 || total
-------------------------+-------+-------++-------
Melee: War axe           |    77 |    42 ||   119
       Flail             |    16 |    50 ||    66
       Short sword       |    14 |     7 ||    21
  Eat: Chunk             |     1 |     7 ||     8
Armor: Scale mail        |    42 |    35 ||    77
       Leather armour    |     4 |       ||     4
Dodge: Dodged            |    58 |    56 ||   114
